 Dungeon Crawl Stone Soup version 0.19.0-24-gb05acd6 (webtiles) character file.

5930 JeffiDaFish the Carver (level 10, -4/61 HPs)
             Began as a Gargoyle Fighter on Nov 21, 2016.
             Was a Priest of Makhleb.
             Slain by a minotaur
             ... wielding a +2 rod of clouds (1/13)
              (9 damage)
             ... in a labyrinth.
             The game lasted 00:25:31 (7986 turns).

JeffiDaFish the Carver (Gargoyle Fighter)           Turns: 7986, Time: 00:25:32

Health: -4/61      AC: 32    Str: 21      XL:     10   Next: 83%
Magic:  14/14      EV:  7    Int:  8 (9)  God:    Makhleb [***...]
Gold:   434        SH:  0    Dex: 14 (15) Spells: 2 memorised, 8 levels left

rFire  . . .     SeeInvis .     t - +8 great sword of Pezeng Hayth {slice, rC+ MR+ Dex+4}
rCold  + . .     Gourm    .     e - +0 plate armour
rNeg   + . .     Faith    .     (shield currently unavailable)
rPois  ∞         Spirit   .     i - +2 helmet
rElec  +         Reflect  .     q - +2 cloak
rCorr  .         Harm     .     l - +0 pair of gloves
MR     +....     Rnd*Tele +     (no boots)
Stlth  ..........               (no amulet)
                                (no ring)
                                u - +4 ring of protection (curse)

@: no status effects
A: camouflage 1, deterioration 1, negative energy resistance 1, electricity
resistance, teleportitis 1, unbreathing, petrification resistance, rot immunity,
AC +7
a: Minor Destruction, Lesser Servant of Makhleb, Renounce Religion


You were in a labyrinth.
You worshipped Makhleb.
Makhleb was most pleased with you.
You were not hungry.

You visited 3 branches of the dungeon, and saw 10 of its levels.
You also visited: Labyrinth.

You collected 434 gold pieces.

Inventory:

Hand Weapons
 d - a +2 antimagic flail
 t - the +8 great sword of Pezeng Hayth (weapon) {slice, rC+ MR+ Dex+4}
   (You took it off an orc on level 7 of the Dungeon)

   It inflicts extra damage upon your enemies.
   It affects your dexterity (+4).
   It protects you from cold.
   It affects your resistance to hostile enchantments.
Armour
 e - a +0 plate armour (worn)
 i - a +2 helmet (worn)
 l - a +0 pair of gloves (worn)
 q - a +2 cloak (worn)
Jewellery
 u - a cursed +4 ring of protection (left hand)
Wands
 b - a wand of hasting (6/9)
Scrolls
 m - 2 scrolls of amnesia
 w - a scroll of remove curse
Potions
 n - a potion of magic
 p - a potion of agility
 r - a potion of flight
Books
 a - a book of Maledictions

   Spells                             Type                      Level
   a - Corona                         Hexes                        1
   b - Ensorcelled Hibernation        Hexes/Ice                    2
   c - Confuse                        Hexes                        3
   d - Tukima's Dance                 Hexes                        3
   e - Dazzling Spray                 Conjuration/Hexes            3
 c - a book of Conjurations

   Spells                             Type                      Level
   a - Magic Dart                     Conjuration                  1
   b - Searing Ray                    Conjuration                  2
   c - Dazzling Spray                 Conjuration/Hexes            3
   d - Fulminant Prism                Conjuration/Hexes            4
   e - Iskenderun's Mystic Blast      Conjuration                  4
   f - Iskenderun's Battlesphere      Conjuration/Charms           5
Comestibles
 f - 11 bread rations
 h - 10 meat rations
 k - 2 beef jerkies
 o - 5 fruits


   Skills:
 - Level 6.6 Fighting
 * Level 8.2 Long Blades
 - Level 6.5 Maces & Flails
 - Level 7.0 Armour
 - Level 1.3 Dodging
   Level 6.9 Shields
 - Level 3.2 Spellcasting
 - Level 3.4 Conjurations
 - Level 2.9 Hexes


You had 8 spell levels left.
You knew the following spells:

 Your Spells              Type           Power        Failure   Level  Hunger
a - Dazzling Spray        Conj/Hex       #.....       100%        3    ####...
b - Fulminant Prism       Conj/Hex       #.........   100%        4    #####..


Dungeon Overview and Level Annotations

Branches:
Dungeon (8/15)             Temple (1/1) D:4            Lair (1/6) D:8

Altars:
Ashenzari
Cheibriados
Dithmenos
Elyvilon
Fedhas
Gozag
Hepliaklqana
Kikubaaqudgha
Makhleb
Nemelex Xobeh
Okawaru
Ru
Sif Muna
Trog
Uskayaw
Xom
Yredelemnul
Zin
The Shining One

Shops:
D:5 ?


Innate Abilities, Weirdness & Mutations

You are resistant to torment.
Your stone body is resilient. (AC +7)
You are immune to poison.
You resist negative energy. (rN+)
You are resistant to electric shocks. (rElec)
You can survive without breathing.
You are immune to petrification.
You are immune to rotting.
Your skin changes colour to match your surroundings (Stealth+).
Your body sometimes deteriorates upon taking damage.
You are occasionally teleported next to monsters.


Message History

* * * LOW HITPOINT WARNING * * *
The minotaur gores you but does no damage.
The minotaur zaps a rod.
The minotaur creates a blast of flame!
You feel better.
You are engulfed in roaring flames.
* * * LOW HITPOINT WARNING * * *
The shadow hits you.
The minotaur zaps a rod.
The minotaur creates a blast of thin mist!
What are your orders? t - Shout!
Orders for allies: a - Attack new target. r - Retreat! s - Stop attacking. g - Guard the area. f - Follow me.
Anything else - Cancel.
Okay, then.
Your plate armour prevents you from hitting the minotaur.
You are engulfed in roaring flames.
The shadow hits you. The minotaur barely misses you.
You riposte.
You slash the minotaur!
The minotaur is moderately wounded.
The minotaur gores you!
You die...

. # .. ..... #
###.########...
#.......#..# ##
# ##### ###..#
. ..
....#......# #
# #####..# # .
....#
#..###.#..# # #
##H§W.....#
#.....#@#......
# #####.#§#
##### #<..§
▓▓▓▓▓▓


You could see a minotaur and a shadow.

Vanquished Creatures
  A hydra (Lair:1)
  The ghost of Firecrotchwizard the Cruncher, a novice MiGl of Okawaru (D:8)
  A black mamba (Lair:1)
  An elephant (D:8)
  The ghost of Trees the Skirmisher, a novice OpFi of Hepliaklqana (D:5)
  A spriggan (D:7)
  A wyvern (D:8)
  Eustachio (D:5)
  A yak (D:8)
  Duvessa (D:7)
  2 water moccasins
  2 orc warriors
  A black bear (D:7)
  2 ice beasts
  A necrophage (D:7)
  A sky beast (D:7)
  2 centaurs (D:8)
  2 ogres
  A crocodile (Lair:1)
  A big kobold (D:7)
  2 bullfrogs
  Dowan (D:7)
  A wyvern skeleton (D:6)
  2 scorpions
  2 howler monkeys (D:6)
  2 crimson imps
  4 hounds
  6 orc priests
  A gnoll shaman (D:7)
  A jelly (D:5)
  A centaur skeleton (D:6)
  Natasha (twice) (D:3)
  7 iguanas
  8 worker ants
  5 orc wizards
  A mummy (D:7)
  A worker ant zombie (D:7)
  6 gnolls (D:7)
  11 adders
  A howler monkey skeleton (D:4)
  2 shadow imps
  An ooze (D:7)
  5 worms
  A dart slug (D:4)
  4 leopard geckos
  43 orcs
  6 giant cockroaches
  9 goblins
  7 hobgoblins
  7 jackals (D:1)
  16 kobolds
  4 quokkas
  6 bats
  3 frilled lizards (D:1)
  A hobgoblin zombie (D:7)
  A jackal zombie (D:5)
  A kobold zombie (D:7)
  A quokka skeleton (D:4)
  8 rats
216 creatures vanquished.

Notes
Turn   | Place    | Note
-------+----------+-------------------------------------------
     0 | D:1      | JeffiDaFish the Gargoyle Fighter began the quest for the Orb.
     0 | D:1      | Reached XP level 1. HP: 14/14 MP: 1/1
   123 | D:1      | Reached XP level 2. HP: 18/19 MP: 2/2
   247 | D:1      | Found a glowing golden altar of the Shining One.
   538 | D:1      | Reached XP level 3. HP: 19/23 MP: 3/3
  1128 | D:2      | Reached XP level 4. HP: 29/29 MP: 4/4
  1466 | D:3      | Found a shattered altar of Ashenzari.
  1537 | D:3      | Noticed Natasha
  1554 | D:3      | Killed Natasha
  1554 | D:3      | Reached XP level 5. HP: 22/33 MP: 5/5
  1871 | D:3      | Found an iron altar of Okawaru.
  1874 | D:3      | Noticed Natasha
  1899 | D:3      | Killed Natasha
  1899 | D:3      | Reached skill level 1 in Dodging
  2483 | D:3      | Found a snail-covered altar of Cheibriados.
  2771 | D:4      | Reached XP level 6. HP: 28/38 MP: 2/6
  2866 | D:4      | Found a shadowy altar of Dithmenos.
  2912 | D:4      | Learned a level 3 spell: Dazzling Spray
  2925 | D:4      | Found a staircase to the Ecumenical Temple.
  2934 | Temple   | Entered the Ecumenical Temple
  3631 | D:5      | Entered Level 5 of the Dungeon
  3631 | D:5      | Noticed Eustachio
  3660 | D:5      | Killed Eustachio
  3660 | D:5      | Reached skill level 1 in Hexes
  3660 | D:5      | Reached XP level 7. HP: 41/44 MP: 2/8
  3693 | D:5      | Found a white marble altar of Elyvilon.
  3906 | D:5      | Noticed Trees's ghost (novice OpFi)
  3907 | D:5      | Reached skill level 5 in Shields
  3907 | D:5      | Reached skill level 1 in Conjurations
  3923 | D:5      | Killed Trees's ghost
  3923 | D:5      | Reached skill level 5 in Fighting
  3923 | D:5      | Reached skill level 5 in Armour
  3923 | D:5      | Reached skill level 1 in Spellcasting
  4033 | D:5      | Found Laommestig's Magic Scroll Shop.
  4040 | D:5      | Reached XP level 8. HP: 48/49 MP: 2/10
  4187 | D:5      | Found a burning altar of Makhleb.
  4197 | D:5      | Became a worshipper of Makhleb the Destroyer
  4234 | D:5      | Reached skill level 5 in Maces & Flails
  4263 | D:5      | HP: 2/49 [ice beast (14)]
  5016 | D:7      | Noticed Duvessa
  5019 | D:7      | Noticed Dowan
  5028 | D:7      | Killed Duvessa
  5028 | D:7      | Reached * piety under Makhleb
  5043 | D:7      | Killed Dowan
  5143 | D:6      | Gained mutation: You are occasionally teleported next to monsters. [potion of mutation]
  5143 | D:6      | Gained mutation: Your body sometimes deteriorates upon taking damage. [potion of mutation]
  5143 | D:6      | Gained mutation: Your skin changes colour to match your surroundings (Stealth+). [potion of mutation]
  5170 | D:6      | Reached XP level 9. HP: 45/55 MP: 4/12
  6179 | D:7      | Reached ** piety under Makhleb
  6462 | D:7      | Got a steaming great sword {slice}
  6689 | D:7      | Identified the +8 great sword of Pezeng Hayth {slice, rC+ MR+ Dex+4} (You took it off an orc on level 7 of the Dungeon)
  6764 | D:7      | Reached skill level 1 in Long Blades
  6927 | D:8      | Reached skill level 2 in Long Blades
  6972 | D:8      | Reached skill level 3 in Long Blades
  6972 | D:8      | Reached XP level 10. HP: 61/61 MP: 14/14
  7022 | D:8      | Noticed Firecrotchwizard's ghost (novice MiGl)
  7037 | D:8      | Killed Firecrotchwizard's ghost
  7037 | D:8      | Reached skill level 5 in Long Blades
  7172 | D:8      | Learned a level 4 spell: Fulminant Prism
  7241 | D:8      | Found a staircase to the Lair.
  7241 | D:8      | Noticed an elephant
  7253 | D:8      | Killed an elephant
  7253 | D:8      | Reached skill level 6 in Long Blades
  7261 | D:8      | Reached *** piety under Makhleb
  7625 | Lair:1   | Entered Level 1 of the Lair of Beasts
  7627 | Lair:1   | Noticed a four-headed hydra
  7641 | Lair:1   | Killed a four-headed hydra
  7641 | Lair:1   | Reached skill level 7 in Long Blades
  7780 | Lair:1   | Noticed a black mamba
  7785 | Lair:1   | Killed a black mamba
  7785 | Lair:1   | Reached skill level 8 in Long Blades
  7814 | Lair:1   | Found a labyrinth entrance.
  7828 | Lab      | Entered a labyrinth
  7978 | Lab      | Noticed a minotaur
  7986 | Lab      | Identified a +2 rod of clouds (1/13)
  7986 | Lab      | Slain by a minotaur

Skill      XL: |  1  2  3  4  5  6  7  8  9 10 |
---------------+-------------------------------+-----
Maces & Flails | 3 4 5 6 |  6.5
Shields        | 4 5 6 |  6.9
Armour         | 4 5 6 7 |  7.0
Dodging        | 1 |  1.3
Fighting       | 4 5 6 |  6.6
Hexes          | 1 2 |  2.9
Conjurations   | 1 2 3 |  3.4
Spellcasting   | 1 2 3 |  3.2
Long Blades    | 3 8 |  8.2

Action                   |  1- 3 |  4- 6 |  7- 9 | 10-12 || total
-------------------------+-------+-------+-------+-------++-------
Melee: Flail             |   139 |   288 |   484 |    12 ||   923
       Great sword       |       |       |    28 |    66 ||    94
  Use: Potion            |     3 |     4 |     6 |     2 ||    15
       Scroll            |     6 |     3 |     5 |     1 ||    15
  Eat: Chunk             |     1 |     9 |    12 |     3 ||    25
Armor: Scale mail        |    71 |   271 |    57 |       ||   399
       Plate armour      |       |       |   263 |   145 ||   408
Dodge: Dodged            |    43 |   137 |   126 |    52 ||   358
Block: Shield            |    60 |   196 |   266 |       ||   522
       Rpst.: Great sword |       |       |     8 |    11 ||    19
